Map: 캑터스 밸리 - 래더 (공허)

Players

MaNa

  • Race: Protoss Protoss
  • Spawn Location: 11:00

INnoVation - Winner!

  • Race: Terran Terran
  • Spawn Location: 5:00

Event: IEM XI Katowice - World Championship 2017

VOD

Have the link to the VOD?

Description

Time

  • Played on: March 3, 2017, 1:26 p.m.
  • Length: 12:32

All games in this series

Show
View Real Time Build Order
Export as new Build Order

MaNa Protoss 

Build Orders: 1 Gate Expand, Oracle Opening, Phoenix Opening, Colossus Rush 

Get SALT Encoding   

  12  0:00  Probe (Chrono Boost)  
  13  0:11  Probe (Chrono Boost)  
  14  0:17  Pylon  
  14  0:22  Probe (Chrono Boost)  
  16  0:35  Probe (Chrono Boost)  
  16  0:37  Gateway  
  16  0:42  Assimilator  
  16  0:46  Probe (Chrono Boost)  
  18  0:57  Probe (Chrono Boost)  
  18  1:07  Probe (Chrono Boost)  
  19  1:21  Nexus  
  19  1:31  Cybernetics Core  
  19  1:33  Probe (Chrono Boost)  
  19  1:38  Assimilator  
  20  1:44  Probe (Chrono Boost)  
  21  1:49  Pylon  
  21  1:54  Probe (Chrono Boost)  
  22  2:05  Adept  
  22  2:06  Probe (Chrono Boost)  
  25  2:18  Probe (Chrono Boost)  
  25  2:21  Stargate  
  26  2:29  Probe (Chrono Boost)  
  27  2:30  Warp Gate  
  27  2:33  Probe (Chrono Boost)  
  27  2:35  Adept  
  30  2:39  Probe (Chrono Boost)  
  32  2:44  Probe (Chrono Boost)  
  32  2:50  Probe (Chrono Boost)  
  33  2:54  Probe (Chrono Boost)  
  34  3:00  Probe (Chrono Boost)  
  34  3:02  Adept  
  34  3:03  Oracle  
  34  3:05  Probe (Chrono Boost)  
  38  3:12  Probe (Chrono Boost)  
  42  3:16  Probe (Chrono Boost)  
  43  3:21  Assimilator x2  
  43  3:24  Probe (Chrono Boost)  
  43  3:26  Pylon  
  44  3:30  Mothership Core (Chrono Boost)  
  46  3:34  Pylon  
  46  3:43  Phoenix  
  46  3:45  Probe (Chrono Boost)  
  50  3:48  Probe (Chrono Boost)  
  50  3:53  Pylon  
  50  3:57  Probe (Chrono Boost), Robotics Facility  
  50  4:00  Probe (Chrono Boost)  
  53  4:10  Probe (Chrono Boost)  
  53  4:11  Probe (Chrono Boost)  
  53  4:12  Phoenix  
  56  4:21  Probe (Chrono Boost)  
  56  4:22  Probe (Chrono Boost)  
  56  4:23  Gateway  
  58  4:27  Gateway  
  58  4:34  Phoenix, Probe (Chrono Boost)  
  58  4:37  Probe (Chrono Boost)  
  62  4:44  Observer  
  63  4:47  Robotics Bay  
  63  4:53  Forge  
  63  4:56  Phoenix  
  62  5:06  Observer  
  63  5:15  Pylon  
  63  5:17  Probe (Chrono Boost)  
  63  5:19  Probe (Chrono Boost)  
  65  5:21  Phoenix  
  65  5:27  Colossus  
  65  5:28  Protoss Ground Weapons Level 1  
  67  5:35  Pylon  
  73  5:42  Probe (Chrono Boost)  
  75  5:44  Pylon, Probe (Chrono Boost)  
  75  5:45  Sentry  
  75  5:49  Extended Thermal Lance  
  77  5:55  Gateway  
  77  5:57  Gateway  
  77  6:10  Adept x2  
  77  6:11  Zealot  
  83  6:14  Pylon  
  83  6:15  Colossus  
  89  6:32  Zealot x3, Pylon  
  95  6:54  Pylon  
  95  6:59  Stalker x3  
  95  7:00  Pylon  
  101  7:12  Disruptor  
  106  7:19  Stalker x2  
  106  7:21  Twilight Council  
  107  7:27  Stalker x2  
  111  7:33  Protoss Ground Armor Level 1  
  111  7:37  Adept  
  111  7:40  Pylon  
  111  7:42  Zealot, Pylon  
  111  7:44  Zealot  
  117  7:53  Disruptor, Pylon  
  120  8:09  Void Ray  
  121  8:19  Adept  
  121  8:20  Zealot x4  
  125  8:40  Zealot, Adept x3  
  133  8:42  Charge  
  133  8:48  Colossus  
  139  9:00  Nexus  
  139  9:10  Phoenix  
  141  9:23  Nexus  
  141  9:30  Stargate, Protoss Air Weapons Level 1  
  141  9:48  Phoenix  
  141  9:59  Probe x2 (Chrono Boost)  
  138  10:10  Phoenix  
  138  10:11  Probe x2 (Chrono Boost)  
  138  10:13  Phoenix  
  142  10:19  Pylon  
  144  10:31  Probe x2 (Chrono Boost)  
  144  10:32  Phoenix  
  144  10:35  Phoenix  
  144  10:50  Zealot x3  
  145  11:00  Phoenix x2  
  141  11:06  Probe (Chrono Boost)  
  128  11:11  Zealot x3  
  124  11:22  Phoenix x2  
  124  11:23  Pylon  
  126  11:26  Pylon  
  128  11:34  Immortal  
  128  11:36  Zealot, Sentry x2  
  128  11:38  Assimilator  
  138  11:40  Assimilator  
  138  11:44  Phoenix  
  140  11:55  Phoenix  
  141  12:10  Probe x2 (Chrono Boost)  
  104  12:25  Zealot x3  
Show
View Real Time Build Order
Export as new Build Order

INnoVation Terran - Winner!

Build Orders: Reaper Expand, MMM Bio 

Get SALT Encoding   

  12  0:00  SCV  
  13  0:12  SCV  
  14  0:17  Supply Depot  
  14  0:24  SCV  
  15  0:29  Refinery  
  15  0:39  SCV  
  16  0:44  Barracks  
  16  0:51  SCV  
  17  1:03  SCV  
  18  1:15  SCV  
  19  1:30  Orbital Command  
  19  1:31  Reaper  
  20  1:42  Command Center  
  20  1:54  Factory  
  20  1:58  SCV  
  21  2:07  Barracks Reactor  
  21  2:10  SCV  
  22  2:15  Supply Depot  
  22  2:16  Refinery  
  22  2:23  SCV  
  23  2:37  SCV  
  23  2:42  Starport  
  23  2:44  Marine x2  
  24  2:48  Widow Mine  
  24  2:49  SCV  
  29  2:54  Orbital Command  
  29  3:01  SCV  
  29  3:03  Marine x2  
  31  3:13  SCV  
  31  3:17  Widow Mine  
  31  3:19  Viking  
  36  3:21  SCV  
  36  3:25  Marine, SCV  
  36  3:26  Marine  
  40  3:31  Supply Depot  
  40  3:37  SCV x2  
  42  3:41  Barracks  
  42  3:44  Marine  
  42  3:45  Marine  
  44  3:49  SCV x2  
  46  3:56  Barracks  
  46  4:02  Supply Depot, SCV x2  
  48  4:06  Engineering Bay  
  48  4:08  Factory Tech Lab  
  48  4:12  Marine  
  48  4:16  SCV x2  
  50  4:19  Starport Tech Lab  
  50  4:25  Supply Depot  
  50  4:28  SCV x2  
  50  4:30  Marine x2  
  54  4:33  Factory Reactor  
  54  4:34  Terran Infantry Weapons Level 1, Stimpack  
  54  4:35  Marine  
  55  4:41  SCV x2  
  55  4:45  Starport Reactor  
  57  4:49  Supply Depot, Combat Shields  
  57  4:51  Marine x3  
  60  4:53  Marine  
  60  4:57  SCV x2  
  62  5:00  Refinery  
  62  5:02  Refinery  
  62  5:09  Marine x3, SCV x2  
  62  5:10  Widow Mine  
  62  5:11  Marine  
  62  5:13  Widow Mine  
  72  5:17  Supply Depot  
  72  5:22  Supply Depot  
  72  5:23  Medivac  
  72  5:25  Medivac  
  72  5:28  SCV x2  
  77  5:32  Marine  
  78  5:37  Liberator  
  78  5:38  Marine  
  78  5:39  Widow Mine  
  78  5:41  Liberator, Widow Mine  
  78  5:42  Marauder  
  85  5:44  Marauder  
  85  5:47  Supply Depot  
  85  5:48  Supply Depot  
  90  5:59  Marine  
  94  6:09  Marine, Marauder x2, SCV x2  
  94  6:10  Widow Mine  
  103  6:11  Supply Depot  
  103  6:13  Widow Mine  
  105  6:20  Supply Depot  
  105  6:29  Terran Infantry Armor Level 1, Marine x2  
  105  6:30  Liberator  
  105  6:31  Marauder  
  105  6:32  Liberator  
  109  6:33  Marauder  
  111  6:45  Missile Turret  
  117  6:56  Marine x2, Marauder x2, Supply Depot  
  117  6:59  SCV x2  
  123  7:09  Command Center  
  123  7:15  Marine  
  123  7:16  Concussive Shells, Marine  
  123  7:18  Marauder x2  
  129  7:24  Supply Depot  
  129  7:33  Barracks  
  129  7:36  Barracks  
  129  7:37  Viking  
  129  7:38  Viking  
  133  7:45  Supply Depot  
  133  7:51  Marauder x2  
  137  7:53  Marine x2  
  129  8:03  SCV x2  
  130  8:10  Viking  
  130  8:11  Viking  
  131  8:15  SCV x2  
  127  8:21  Orbital Command  
  127  8:22  Armory  
  127  8:24  Engineering Bay  
  125  8:27  SCV x2  
  126  8:39  SCV x2  
  126  8:40  Refinery, Starport  
  128  8:41  Refinery  
  128  8:45  Barracks Tech Lab, Medivac x2  
  128  8:47  SCV  
  131  8:51  SCV x2  
  129  8:59  SCV  
  130  9:03  SCV x2  
  132  9:10  Terran Infantry Weapons Level 2, Terran Infantry Armor Level 2  
  132  9:11  SCV  
  132  9:12  Terran Ship Weapons Level 1  
  132  9:16  Marauder x3  
  139  9:17  Viking  
  139  9:18  Viking  
  139  9:22  Viking  
  145  9:24  Viking  
  147  9:34  Marine  
  147  9:35  Marine x2  
  147  9:37  Marauder x2  
  147  9:38  Marauder  
  156  9:43  Supply Depot  
  156  9:47  Medivac  
  156  9:48  Medivac  
  156  9:52  Marine  
  162  9:57  Marine x2  
  162  9:58  Liberator x2  
  162  9:59  Marauder x3  
  173  10:04  Command Center  
  170  10:10  Marine, Missile Turret  
  170  10:12  Missile Turret  
  170  10:15  Marine  
  170  10:20  Marauder x3  
  178  10:22  Marine  
  178  10:28  Marine  
  179  10:30  Liberator  
  179  10:33  Marine  
  180  10:37  Supply Depot  
  180  10:39  Marine  
  180  10:41  Liberator  
  181  10:47  Marauder  
  181  10:49  Marauder  
  181  10:50  Marine  
  181  10:58  Marine x2, Supply Depot  
  181  10:59  Marauder  
  187  11:08  Liberator, Marine  
  160  11:11  Marauder  
  160  11:13  Marine  
  160  11:16  Marine x2  
  160  11:17  Planetary Fortress  
  158  11:20  Marauder  
  163  11:26  Marauder  
  163  11:31  Marine  
  163  11:32  Missile Turret  
  163  11:33  Marauder  
  163  11:37  Marine  
  167  11:41  Marauder  
  167  11:45  Barracks Reactor  
  168  11:48  Marauder  
  168  11:49  Marine  
  168  11:52  Barracks x2  
  171  11:55  Barracks  

Tags
 
Add a new tag
Caveats
  • Supply blocks, unpowered buildings, or Contaminate may cause inaccurate times.
  • Supply counts are checked every 10 seconds.